 Dungeon Crawl Stone Soup version bcrawl-1.40.2 (webtiles) character file.

Game seed: 14582541050270078892

211040 kosoiffoigrumme1174 the Ducker (level 6, 0/39 HPs)
             Began as a Vine Stalker Monk on Nov 7, 2023.
             Slain by an adder (2 damage)
             ... on level 4 of the Dungeon.
             The game lasted 00:05:19 (2888 turns).

kosoiffoigrumme1174 the Ducker (Vine Stalker Monk)  Turns: 2888, Time: 00:05:20

Health: 0/39       AC:  9    Str: 14    XL:     6   Next: 93%
Magic:  0/8        EV:  8    Int: 10    God:
Gold:   212        SH:  0    Dex: 18    Spells: 5/5 levels left

rFire    . . .     GDR:     29% a - +2 war axe (chop)
rCold    . . .     SeeInvis .   (no shield)
rNeg     + . .     Gourm    .   t - +0 chain mail
rPois    .         Faith    .   w - +0 helmet (curse)
rElec    .         Spirit   +   (no cloak)
rCorr    .         Reflect  .   (no gloves)
MR       .....                  (no boots)
Stlth    ..........             d - amulet of guardian spirit
HPRegen  0.56/turn              p - ring of positive energy (curse)
MPRegen  0.11/turn              (no ring)

@: lethally poisoned (0 -> -1)
A: fangs 3, regeneration 1, no potion heal 3, rot immunity, strong jaws
a: no special abilities


You were on level 4 of the Dungeon.
You were not hungry.

You visited 1 branch of the dungeon, and saw 4 of its levels.
You also visited: Sewer.

You collected 212 gold pieces.

Inventory:

Hand Weapons
 a - a +2 war axe of chopping (weapon)
 b - a +0 dagger
Missiles
 x - 37 poisoned tomahawks (quivered)
Armour
 t - a +0 chain mail (worn)
 w - a cursed +0 helmet (worn)
Jewellery
 d - an amulet of guardian spirit (around neck)
 p - a cursed ring of positive energy (left hand)
 y - an uncursed ring of stealth {unknown}
Scrolls
 f - 3 scrolls of remove curse
 h - a scroll of amnesia {unknown}
 j - a scroll of enchant armour {unknown}
 k - a scroll of immolation {unknown}
 o - a scroll of blinking {unknown}
 r - 3 scrolls of teleportation
 s - a scroll of fog
Potions
 c - a potion of magic {unknown}
 l - a potion of ambrosia {unknown}
 m - 5 potions of curing
 n - 2 potions of might
 q - a potion of lignification {unknown}
 u - 3 potions of brilliance
 v - 2 potions of flight
Comestibles
 e - 5 rations {!d}


   Skills:
 + Level 4.5 Fighting
 - Level 2.6 Axes
 + Level 5.4 Dodging
 - Level 3.0 Stealth
 + Level 3.7 Unarmed Combat
   Level 2.0 Invocations


You had 5 spell levels left.
You didn't know any spells.
Your spell library was empty.

Dungeon Overview and Level Annotations

Branches:
Dungeon (4/12)
 Temple: D:4-7

Altars:
Cheibriados
Trog
Yredelemnul


Innate Abilities, Weirdness & Mutations

You have razor-sharp teeth.
Your natural rate of healing is unusually fast.
Potions cannot restore your health.
You are immune to rotting.
Your bites deal extra damage.


Message History

Aim: a troll (moderately wounded, poisoned)
You throw a poisoned tomahawk. The adder hisses angrily.
The poisoned tomahawk hits the troll but does no damage.
The troll is moderately wounded.
You feel sick. The troll bites you! The troll barely misses you.
The troll claws you.
You slash the troll!
The troll is heavily wounded.
The troll barely misses you. The troll claws you! The troll claws you.
* * * LOW HITPOINT WARNING * * *
You feel sick.
You hit the troll.
The troll is severely wounded.
The troll bites you.
* * * LOW HITPOINT WARNING * * *
The troll claws you!
* * * LOW HITPOINT WARNING * * *
The troll claws you but does no damage. The adder bites you.
You die...

#..##.....# #..... .###
#......#..# ##.###.
.......##...###..#####..#
# ......# ##...#
#.......## ......
##..###....<..# .....!#
##..#.........# ###...###
#.............#
#.....####........###.#
#......T@#........###...
#..###.S..........###..#.
#.. #..............#..##
#......###.........#..#
#....### #...##... ..^.#
#..## ... ./... #..# ..
... ...# ....


You could see a troll and an adder.

Vanquished Creatures
  An ogre (D:4)
  2 kobold brigands (Sewer)
  A crimson imp (D:4)
  Terence (D:2)
  A worker ant (D:4)
  A river rat (D:3)
  An ooze (Sewer)
  A worm (D:3)
  A dart slug (D:3)
  2 leopard geckos
  8 orcs
  4 ball pythons
  4 bats
  2 giant cockroaches (Sewer)
  5 goblins
  6 hobgoblins
  5 jackals
  4 quokkas
  4 frilled lizards
  20 kobolds
  11 rats
85 creatures vanquished.

Notes
Turn   | Place    | Note
-------+----------+-------------------------------------------
     0 | D:1      | kosoiffoigrumme1174 the Vine Stalker Monk began the quest
                  | for the Orb.
     0 | D:1      | Reached XP level 1. HP: 13/13 MP: 3/3
   218 | D:1      | Reached XP level 2. HP: 18/18 MP: 2/4
   231 | D:1      | Reached skill level 1 in Unarmed Combat
   584 | D:2      | Reached XP level 3. HP: 23/23 MP: 5/5
   655 | D:2      | Noticed Terence
   670 | D:2      | Killed Terence
   671 | D:2      | Reached skill level 4 in Dodging
   671 | D:2      | Reached XP level 4. HP: 22/28 MP: 2/6
  1114 | D:2      | Found a bloodstained altar of Trog.
  1227 | D:2      | Found a basalt altar of Yredelemnul.
  1713 | D:3      | Found a glowing drain.
  1719 | Sewer    | Entered a sewer
  1906 | Sewer    | Noticed a kobold brigand
  1937 | Sewer    | Killed a kobold brigand
  1938 | Sewer    | Reached XP level 5. HP: 10/33 MP: 2/7
  2046 | Sewer    | Noticed a kobold brigand
  2068 | Sewer    | Killed a kobold brigand
  2069 | Sewer    | Reached skill level 5 in Dodging
  2069 | Sewer    | Gained mutation: You have razor-sharp teeth. [Vine Stalker
                  | growth]
  2069 | Sewer    | Reached XP level 6. HP: 33/38 MP: 4/8
  2237 | D:3      | Found a snail-covered altar of Cheibriados.
  2876 | D:4      | Noticed a troll
  2888 | D:4      | Slain by an adder

Skill      XL: |  1  2  3  4  5 |
---------------+----------------+-----
Unarmed Combat | 1 2 3 |  3.7
Fighting       | 3 4 |  4.5
Dodging        | 4 5 |  5.4
Axes           | |  2.6
Stealth        | |  3.0
Invocations    | |  2.0

Action                   |  1- 3 |  4- 6 || total
-------------------------+-------+-------++-------
Melee: Hand axe          |    70 |   177 ||   247
       Bite              |     8 |    24 ||    32
       Punch             |     2 |     3 ||     5
       War axe           |       |    24 ||    24
Throw: Stone             |     4 |       ||     4
       Tomahawk          |       |     5 ||     5
  Use: Scroll            |     1 |     7 ||     8
 Stab: Sleeping          |     2 |       ||     2
  Eat: Chunk             |     1 |     7 ||     8
       Ration            |       |     2 ||     2
Armor: Robe              |     6 |     2 ||     8
       Chain mail        |       |   101 ||   101
Dodge: Dodged            |    65 |    99 ||   164
